 Dungeon Crawl Stone Soup version 0.32-a0-913-g739538afd8 (webtiles) character file.

Game seed: 4748353765410204251

8181 seaofthunder the Protected (level 11, -4/151 HPs)
             Began as a Mountain Dwarf Fighter on Apr 8, 2024.
             Was a Believer of Trog.
             Killed by divine providence
             ... invoked by an orc high priest
              (14 damage)
             ... on level 10 of the Dungeon.
             The game lasted 00:24:29 (11351 turns).

seaofthunder the Protected (MDFi)                  Turns: 11351, Time: 00:24:30

Health: -4/151     AC: 23    Str: 24    XL:     11   Next: 6%
Magic:  9/11       EV:  7    Int:  8    God:    Trog [**....]
Gold:   208        SH: 10    Dex:  9    Spells: 10/10 levels left

rFire   . . .        a - +0 war axe
rCold   . . .        c - +0 buckler
rNeg    . . .        x - +8 chain mail {ponderous}
rPois   +            n - +0 helmet
rElec   +            A - +0 cloak
rCorr   +            l - +2 pair of gloves of the Many Interlopers {Fly rCorr}
SInv    .            g - +0 pair of boots
Will    +....        t - amulet of Xumn {Reflect rElec rPois SH+5} Stlth
                     (no ring)
HPRegen 0.45/turn    (no ring)
MPRegen 0.12/turn

%: reflection
@: berserking, flying, very quick
A: runic magic, artefact enchanting, deformed body
a: Renounce Religion, Berserk, Trog's Hand


You were on level 10 of the Dungeon.
You worshipped Trog.
Trog was pleased with you.
You visited 2 branches of the dungeon, and saw 11 of its levels.

You collected 464 gold pieces.
You spent 256 gold pieces at shops.

Inventory:

Hand Weapons
 a - a +0 war axe (weapon)
 B - a +4 mace
 I - a +4 trident of draining
Missiles
 y - 5 throwing nets (quivered)
Armour
 c - a +0 buckler (worn)
 g - a +0 pair of boots (worn)
 l - the +2 pair of gloves of the Many Interlopers (worn) {Fly rCorr}
   (You bought it in a shop on level 9 of the Dungeon)

   Fly:       It grants you flight.
   rCorr:     It protects you from acid and corrosion.
 n - a +0 helmet (worn)
 o - the scarf of Miaptiops {shadows, Str+2 Slay+2}
   (You found it on level 2 of the Dungeon)

   Str+2:     It affects your strength (+2).
   Slay+2:    It affects your accuracy & damage with ranged weapons and melee
   (+2).
 x - a +8 chain mail of ponderousness (worn)
 A - a +0 cloak (worn)
Jewellery
 t - the amulet of Xumn (around neck) {Reflect rElec rPois SH+5}
   (You found it on level 4 of the Dungeon)

   [amulet of reflection]

   Reflect:   It reflects blocked missile attacks.
   rElec:     It insulates you from electricity.
   rPois:     It protects you from poison.
   SH+5:      It affects your SH (+5).
Wands
 b - a wand of flame (48)
 v - a wand of paralysis (9)
 C - a wand of warping (24)
 E - a wand of acid (11)
 G - a wand of polymorph (10)
Scrolls
 e - 4 scrolls of teleportation
 f - 3 scrolls of fog {unknown}
 h - a scroll of poison {unknown}
 j - 2 scrolls of revelation {unknown}
 p - 2 scrolls of noise {unknown}
 r - 4 scrolls of enchant armour {unknown}
 s - 2 scrolls of blinking {unknown}
 u - 3 scrolls of amnesia {unknown}
 H - 2 scrolls of enchant weapon {unknown}
Potions
 d - 2 potions of might
 i - 2 potions of berserk rage
 k - a potion of attraction {unknown}
 m - 3 potions of brilliance {unknown}
 q - 3 potions of curing
 w - 2 potions of haste
 z - a potion of degeneration {unknown}
 D - 4 potions of mutation
 F - a potion of heal wounds {unknown}


   Skills:
 * Level 10.9 Fighting
 + Level 8.5(9.4) Axes
 + Level 6.3(8.3) Maces & Flails
 * Level 10.9 Armour
 + Level 7.9 Shields


You had 10 spell levels left.
You didn't know any spells.
Your spell library contained the following spells:

 Spells                   Type           Power      Damage    Failure   Level
 Freeze                   Ice            0%         1d3       58%         1
 Kiss of Death            Conj/Necr      0%         2d5       58%         1
 Necrotise                Necr           0%         1d4       58%         1
 Mercury Vapours          Alch/Air       0%         N/A       73%         2
 Confusing Touch          Hex            0%         N/A       91%         3
 Frozen Ramparts          Ice            0%         1d1       91%         3
 Hailstorm                Conj/Ice       0%         3d5       91%         3
 Mephitic Cloud           Conj/Alch/Air  0%         N/A       91%         3
 Vampiric Draining        Necr           0%         2d6       91%         3
 Dispel Undead            Necr           0%         3d6       100%        4
 Martyr's Knell           Necr/Summ      0%         N/A       100%        4
 Curse of Agony           Necr           0%         N/A       100%        5
 Freezing Cloud           Conj/Ice/Air   0%         6-21      100%        5


Dungeon Overview and Level Annotations

Branches:
Dungeon (10/15)            Temple (0/1) D:7            Lair (0/5) D:10
    Orc (1/2) D:10

Altars:
Dithmenos
Gozag
Nemelex Xobeh
Trog
Uskayaw
Wu Jian
Xom
Yredelemnul

Shops:
D:9 [   D:10 [

Annotations:
D:10 2 runed translucent doors, Biggs's ghost, journeyman CoHu


Innate Abilities, Weirdness & Mutations

Your spellcasting is much less encumbered by armour.
You can use scrolls of enchantment on lesser artefacts.
Armour fits poorly on your strangely shaped body.


Message History

The hellwing closely misses you. You block the orc high priest's attack.
You hit the orc high priest.
The orc high priest is heavily wounded.
You hit the hellwing but do no damage. You hit the neqoxec.
The neqoxec gestures at you. Something gnaws on your mind!
* * * LOW HITPOINT WARNING * * *
You feel your power leaking away. The hellwing hits you!
* * * LOW HITPOINT WARNING * * *
You block the hellwing's attack.
The orc high priest invokes the aid of Beogh against you.
Beogh smites you!
* * * LOW HITPOINT WARNING * * *
A red film seems to cover your vision as you go berserk!
You feel yourself moving faster!
You feel mighty!
The neqoxec hits you but does no damage.
The hellwing hits you but does no damage.
You block the hellwing's attack. The orc high priest barely misses you.
Unknown command.
You closely miss the orc high priest.
The orc high priest is heavily wounded.
You hit the neqoxec. You closely miss the hellwing.
The neqoxec completely misses you. You block the hellwing's attack.
The hellwing hits you but does no damage.
You block the orc high priest's attack.
You closely miss the orc high priest.
The orc high priest is heavily wounded.
You barely miss the hellwing. You slash the neqoxec!
The neqoxec completely misses you.
The hellwing hits you but does no damage.
The hellwing barely misses you.
You are too berserk!
You are too berserk!
You slash the orc high priest!
The orc high priest is severely wounded.
You miss the neqoxec. You barely miss the hellwing.
The orc high priest mumbles some strange prayers to Beogh against you.
Beogh smites you!
You die...

##.........)..#####...#..####..
#.........................#....
##........))##.......###.....##
##.........####.......###...###
#...........# ##....### #..####
##...........####....## ##.....
#.............##......## #.....
##.#...........#))......####.....
...............#@).....###.......
..#..#.......3.3o4...............
.##..####.###...#................
.......#..##....................#
.).....##.#.......<..............
....#..##.....##.........>.......
..)##............................
..##.......###..#....#...........
...........##...##...##..........


You could see an orc high priest, a hellwing (summoned), a smoke demon
(summoned) and a neqoxec (summoned).

Vanquished Creatures
  2 elephants (D:10)
  Maggie (D:7)
  Jeremiah (D:8)
  Psyche (D:8)
  3 trolls
  A hornet (D:10)
  2 shadows
  3 yaks (D:9)
  A wyvern (D:9)
  Grum (D:10)
  A warg (D:10)
  Menkaure (D:7)
  4 water moccasins
  An orc warrior (D:10)
  2 sky beasts (D:7)
  A black bear (D:10)
  A wolf (D:10)
  5 ogres
  3 centaurs
  4 kobold brigands
  2 bullfrogs
  A gnoll sergeant (D:10)
  5 scorpions
  9 wights
  12 killer bees
  3 howler monkeys
  A lava snake (D:8)
  A jelly (D:5)
  10 hounds
  A bombardier beetle (D:7)
  2 gnoll boudas (D:8)
  5 iguanas
  A sleepcap (D:6)
  Jessica (D:3)
  2 orc wizards
  Crazy Yiuf (D:3)
  Natasha (D:3)
  24 gnolls
  9 adders
  2 ufetubi (D:5)
  3 dart slugs
  3 ribbon worms
  25 orcs
  7 bats
  3 endoplasms
  5 giant cockroaches
  12 goblins
  7 hobgoblins
  12 jackals
  22 kobolds
  3 quokkas
  4 ball pythons
  2 frilled lizards
  7 rats
247 creatures vanquished.

Notes
Turn   | Place    | Note
-------+----------+-------------------------------------------
     0 | D:1      | seaofthunder the Mountain Dwarf Fighter began the quest for
                  | the Orb.
     0 | D:1      | Reached XP level 1. HP: 19/19 MP: 1/1
   115 | D:1      | Reached XP level 2. HP: 26/26 MP: 2/2
   288 | D:1      | Reached XP level 3. HP: 33/33 MP: 3/3
   935 | D:2      | Reached XP level 4. HP: 40/40 MP: 4/4
   994 | D:2      | Identified the scarf of Miaptiops {shadows, Str+2 Slay+2}
  1640 | D:3      | Found a faded altar of an unknown god.
  1647 | D:3      | Noticed a scorpion
  1659 | D:3      | Killed a scorpion
  1660 | D:3      | Reached XP level 5. HP: 47/47 MP: 5/5
  1803 | D:3      | Found a runed translucent door.
  1804 | D:3      | Noticed Crazy Yiuf
  2097 | D:3      | Found a shadowy altar of Dithmenos.
  2100 | D:3      | Noticed Natasha
  2118 | D:3      | Killed Natasha
  2125 | D:3      | Noticed Jessica
  2129 | D:3      | Killed Jessica
  2474 | D:3      | Killed Crazy Yiuf
  2475 | D:3      | Reached skill level 5 in Fighting
  2475 | D:3      | Reached skill level 5 in Armour
  2775 | D:4      | Identified the amulet of Xumn {Reflect rElec rPois SH+5}
  2806 | D:4      | Reached XP level 6. HP: 55/56 MP: 6/6
  3496 | D:5      | Entered Level 5 of the Dungeon
  3927 | D:5      | Reached XP level 7. HP: 62/62 MP: 7/7
  4245 | D:5      | Found an ornate altar of the Wu Jian Council.
  5033 | D:6      | Reached skill level 5 in Shields
  5114 | D:6      | Reached skill level 5 in Axes
  5114 | D:6      | Reached XP level 8. HP: 43/70 MP: 8/8
  5149 | D:6      | HP: 3/70 [wight/+0 flail (1)]
  5411 | D:6      | Reached skill level 1 in Maces & Flails
  5472 | D:6      | Found a basalt altar of Yredelemnul.
  5718 | D:7      | Found a shimmering altar of Xom.
  5729 | D:7      | Found a staircase to the Ecumenical Temple.
  5800 | D:7      | Noticed Menkaure
  5805 | D:7      | Killed Menkaure
  6057 | D:7      | Found a sparkling altar of Nemelex Xobeh.
  6079 | D:7      | Reached XP level 9. HP: 74/81 MP: 9/9
  6103 | D:7      | Noticed a troll
  6122 | D:7      | Killed a troll
  6284 | D:7      | Noticed Maggie
  6300 | D:7      | Killed Maggie
  6399 | D:7      | Found a bloodstained altar of Trog.
  6418 | D:7      | Became a worshipper of Trog the Wrathful
  6761 | D:8      | Noticed Jeremiah
  6861 | D:8      | Killed Jeremiah
  7345 | D:8      | Noticed Psyche
  7354 | D:8      | Killed Psyche
  7362 | D:8      | Reached XP level 10. HP: 84/91 MP: 10/10
  7603 | D:8      | Found a hide-covered altar of Uskayaw.
  8498 | D:9      | Reached * piety under Trog
  8882 | D:9      | Found Ushrat's Antique Armour Emporium.
  8889 | D:9      | Bought a pair of jewelled gloves for 256 gold pieces
  8889 | D:9      | Identified the +2 pair of gloves of the Many Interlopers
                  | {Fly rCorr} (You bought it in a shop on level 9 of the
                  | Dungeon)
  9231 | D:9      | Reached skill level 5 in Maces & Flails
  9478 | D:9      | Found an opulent altar of Gozag.
  9496 | D:9      | Reached skill level 10 in Fighting
  9539 | D:10     | Entered Level 10 of the Dungeon
  9560 | D:10     | Reached skill level 10 in Armour
  9805 | D:10     | Noticed an elephant
  9828 | D:10     | Killed an elephant
 10038 | D:10     | Reached ** piety under Trog
 10075 | D:10     | Noticed Grum
 10083 | D:10     | Killed Grum
 10231 | D:10     | Found Gyfedien's Armour Boutique.
 10290 | D:10     | Found a runed translucent door.
 10291 | D:10     | Noticed a skeletal warrior
 10299 | D:10     | Noticed a centaur warrior
 10300 | D:10     | Noticed a necromancer
 10300 | D:10     | Noticed a fire crab
 10300 | D:10     | Noticed a centaur warrior
 10300 | D:10     | Noticed a lich
 10301 | D:10     | Noticed Biggs's ghost (journeyman CoHu)
 10304 | D:10     | Found a runed translucent door.
 10405 | D:10     | Found a staircase to the Orcish Mines.
 10599 | D:10     | Found a staircase to the Lair.
 10599 | D:10     | Noticed an elephant
 10616 | D:10     | Killed an elephant
 10617 | D:10     | Reached XP level 11. HP: 80/101 MP: 11/11
 10819 | Orc:1    | Entered Level 1 of the Orcish Mines
 10819 | Orc:1    | Noticed an orc high priest
 11069 | Orc:1    | Noticed a sun demon
 11333 | Orc:1    | Noticed a soul eater
 11340 | D:10     | Gained mutation: Armour fits poorly on your strangely
                  | shaped body. [a neqoxec]
 11347 | D:10     | HP: 5/101 [orc high priest/divine providence (16)]
 11351 | D:10     | Killed from afar by an orc high priest

Illustrated notes

Levels and vault maps discovered:
D:1:      evilmike_arrival_rings, layout_rooms
D:2:      layout_loops_cross
D:3:      layout_basic, mainiacjoe_overflow_brackets,
          ebering_ecumenical_altar_webs, uniq_natasha, uniq_crazy_yiuf_cottage,
          uniq_jessica
D:4:      layout_loops_corners, minmay_misc_feat_roman
D:5:      kennysheep_six_static_rooms, layout_layer_cave,
          nicolae_wu_jian_immortal_techniques, kennysheep_cross_bottleneck
D:6:      layout_gridville, mainiacjoe_overflow_24_doors,
          serial_library_hellmonk_recessed_alcove
D:7:      layout_gridville, nemelex_spade_bored_becter, lemuel_round_altar,
          mainiacjoe_overflow_boulevard, minmay_temple_entry_statues_pillars,
          chequers_serial_rivers_marsh, uniq_menkaure, uniq_maggie
D:8:      layout_layer_cave, nicolae_uskayaw_suspiria, uniq_psyche,
          uniq_jeremiah
D:9:      layout_loops_corners, kennysheep_little_box, kennysheep_windowed_goal
D:10:     layout_cave_pools, grunt_lair_entry_orc_guard_hut, orc_0_dummy,
          muffindrake_ghost_dual_entry, serial_gnoll_camp,
          gnoll_camp_mini_sergeant, grums_kennel, gnoll_camp_mini_shop,
          gnoll_camp_mini_doghouse
Orc:1:    layout_diamond_mine, okawaru_metal_pillars_1_2

Skill      XL: |  1  2  3  4  5  6  7  8  9 10 |
---------------+-------------------------------+-----
Armour         | 4 5 6 8 9 10 | 10.9
Fighting       | 4 5 6 8 9 10 | 10.9
Axes           | 3 4 5 6 7 8 |  8.5
Shields        | 4 5 6 7 |  7.9
Maces & Flails | 2 4 6 |  6.3

Action                     |  1- 3 |  4- 6 |  7- 9 | 10-12 || total
---------------------------+-------+-------+-------+-------++-------
  Melee: War axe           |   121 |   138 |   120 |   109 ||   488
         Mace              |       |       |   222 |   222 ||   444
    Use: Scroll            |       |       |       |     5 ||     5
         Potion            |       |       |       |     1 ||     1
 Armour: Scale mail        |   100 |    53 |       |       ||   153
         Chain mail        |       |    30 |   361 |   304 ||   695
  Dodge: Dodged            |    74 |    44 |   159 |   141 ||   418
  Block: Buckler           |    32 |    61 |   229 |   235 ||   557
         Reflection        |       |     2 |     3 |     7 ||    12

Table legend: (Time is in decaauts)
 A = Elapsed time spent in this place.
 B = Non-inter-level travel time spent in this place.
 C = Inter-level travel time spent in this place.
 D = Time resting spent in this place.
 E = Time spent auto-exploring this place.
 F = Levels seen in this place.
 G = Mean time per level.
                   A        B        C        D        E       F      G
               +--------+--------+--------+--------+--------+-----+--------+
         Total |  12004 |  11655 |    349 |   1062 |   8451 |  11 | 1091.3 |
       Dungeon |  11969 |  11621 |    348 |   1062 |   8451 |  10 | 1196.9 |
  Orcish Mines |     35 |     35 |      0 |      0 |      0 |   1 |   35.0 |
               +--------+--------+--------+--------+--------+-----+--------+

Top non-repeatable levels by time:
    D:10: 1876 daAuts
     D:5: 1563 daAuts
     D:8: 1549 daAuts
     D:9: 1377 daAuts
     D:7: 1216 daAuts
     D:3: 1137 daAuts
     D:4: 945 daAuts
     D:6: 814 daAuts
     D:2: 751 daAuts
     D:1: 736 daAuts
   Orc:1: 35 daAuts
